 Dungeon Crawl Stone Soup version 0.29-a0-872-g797fff5ad1 (webtiles) character file.

Game seed: 7193885140676100636

8 BlueGoblin the Grave Robber (level 2, 0/19 HPs)
             Began as a Demonspawn Necromancer on July 18, 2022.
             Slain by a jackal (2 damage)
             ... on level 1 of the Dungeon.
             The game lasted 00:01:03 (250 turns).

BlueGoblin the Grave Robber (Demonspawn Necromancer) Turns: 250, Time: 00:01:04

Health: 0/19       AC:  2    Str:  8    XL:     2   Next: 0%
Magic:  4/5        EV: 12    Int: 16    God:
Gold:   24         SH:  0    Dex: 13    Spells: 4/5 levels left

rFire   . . .      SeeInvis .   (no weapon)
rCold   . . .      Faith    .   (no shield)
rNeg    . . .      Spirit   .   a - +0 robe
rPois   .          Reflect  .   (no helmet)
rElec   .          Harm     .   (no cloak)
rCorr   .          Rampage  .   (no gloves)
Will    .....                   (no boots)
Stlth   ++........              (no amulet)
HPRegen 0.06/turn               (no ring)
MPRegen 0.09/turn               (no ring)

@: no status effects
A: spiny 1
a: no special abilities


You were on level 1 of the Dungeon.
You visited 1 branch of the dungeon, and saw 1 of its levels.

You collected 24 gold pieces.

Inventory:

Armour
 a - a +0 robe (worn)
Scrolls
 c - a scroll of enchant armour {unknown}


   Skills:
 + Level 1.8 Dodging
 - Level 1.7 Stealth
 + Level 2.0 Spellcasting
 + Level 4.8 Necromancy


You had 4 spell levels left.
You knew the following spells:

 Your Spells              Type           Power      Damage    Failure   Level
a - Necrotise             Necr           68%        1d7       2%          1

Your spell library contained the following spells:

 Spells                   Type           Power      Damage    Failure   Level
 Vampiric Draining        Necr           17%        2d7       9%          3
 Animate Dead             Necr           17%        N/A       28%         4
 Agony                    Necr           17%        N/A       61%         5


Dungeon Overview and Level Annotations

Branches:
Dungeon (1/15)

Altars:


Innate Abilities, Weirdness & Mutations

You are partially covered in sharp spines.


Message History

The jackal bites your jackal skeleton.
Your jackal skeleton misses the kobold.
You see here a +0 scale mail.
Your jackal skeleton completely misses the jackal.
Your jackal skeleton bites the jackal.
Your jackal skeleton completely misses the jackal.
The kobold attacks as you move away!
The kobold hits you with a +0 short sword.
* * * LOW HITPOINT WARNING * * *
You see here a +0 robe.
You are too injured to fight recklessly!
Okay, then.
The kobold attacks as you move away! The kobold closely misses you.
Aiming: Necrotise (safe; 3% risk of failure)
Press: ? - help, Q - select action Shift-Dir - straight line, f - kobold
Aim: a kobold, wielding a +0 short sword (chance to affect: 86%)
The kobold writhes in agony.
You kill the kobold!
The dead are walking!
You have reached level 2!
Your demonic ancestry asserts itself...
Sharp spines emerge from parts of your body.
You swap places.
The jackal bites your kobold skeleton. The jackal bites your kobold skeleton.
Your kobold skeleton closely misses the jackal.
The jackal bites your kobold skeleton.
Your kobold skeleton is destroyed!
Your jackal skeleton closely misses the jackal.
Things that are here:
a +0 club; 2 stones
Okay, then.
You don't have enough magic to cast this spell.
Unknown command.
Magic courses through your body.
Your jackal skeleton bites the jackal but does no damage.
Aiming: Necrotise (safe; 2% risk of failure)
Press: ? - help, Q - select action Shift-Dir - straight line, f - jackal
Aim: a jackal (lightly wounded, ally target, chance to affect: 87%)
The jackal barely resists.
The jackal bites you.
You die...

#.........# #######'#.#
#.#.# ###########.#.#
#...........#.#
#......######.#
#.............#
###############....#######
+......Zh.h@........>.#
######.#########+###..#
#.# #......#### ...#####h#
######....# ........h#
..####.# ...####.Z#
#.####.# #..# #.#....#
#..## #.#.#### #...# #...#


You could see 2 jackals and a friendly jackal skeleton.

Vanquished Creatures
  A ball python (D:1)
  A hobgoblin (D:1)
  A jackal (D:1)
  2 kobolds (D:1)
  A quokka (D:1)
6 creatures vanquished.

Notes
Turn   | Place    | Note
-------+----------+-------------------------------------------
     0 | D:1      | BlueGoblin the Demonspawn Necromancer began the quest for
                  | the Orb.
     0 | D:1      | Reached XP level 1. HP: 13/13 MP: 3/3
   247 | D:1      | Gained mutation: You are partially covered in sharp spines.
                  | [demonic ancestry]
   247 | D:1      | Reached XP level 2. HP: 2/19 MP: 0/5
   250 | D:1      | Slain by a jackal

Illustrated notes

Levels and vault maps discovered:
D:1:      dpeg_arrival_pits, layout_basic, shapermc_ecumenical_altar_rom_forum

Action                   || total
-------------------------++-------
Melee: Unarmed           ||     9
 Cast: Necrotise         ||    16
  Use: Potion            ||     1
Armor: Robe              ||     3
Dodge: Dodged            ||     8

Table legend: (Time is in decaauts)
 A = Elapsed time spent in this place.
 B = Non-inter-level travel time spent in this place.
 C = Inter-level travel time spent in this place.
 D = Time resting spent in this place.
 E = Time spent auto-exploring this place.
 F = Levels seen in this place.
 G = Mean time per level.
                   A        B        C        D        E       F      G
               +--------+--------+--------+--------+--------+-----+--------+
         Total |    250 |    250 |      0 |      0 |    200 |   1 |  250.0 |
       Dungeon |    250 |    250 |      0 |      0 |    200 |   1 |  250.0 |
               +--------+--------+--------+--------+--------+-----+--------+

Top non-repeatable levels by time:
     D:1: 250 daAuts
